 Dungeon Crawl Stone Soup version 0.30.0-5-g1a98f26d00 (webtiles) character file.

Game seed: 11982345537933295716

5179 Strat the Martial Artist (level 10, 0/51 HPs)
             Began as a Vine Stalker Fire Elementalist on May 11, 2023.
             Was a Priest of Zin.
             Slain by an unseen horror (1 damage)
             ... on level 9 of the Dungeon.
             The game lasted 00:23:23 (9181 turns).

Strat the Martial Artist (VSFE)                     Turns: 9181, Time: 00:23:23

Health: 0/51       AC: 11    Str: 15    XL:     10   Next: 60%
Magic:  0/23       EV: 10    Int: 15    God:    Zin [***...]
Gold:   415        SH:  5    Dex: 15    Spells: 10/13 levels left

rFire   . .          .
                       - Unarmed
rCold   + . .        j - +0 buckler
rNeg    . . .        d - +0 ring mail
rPois   +            y - +1 hat
rElec   +            a - +1 cloak {rPois}
rCorr   .            n - +1 pair of gloves
SInv    .            (no boots)
Will    ++...        (no amulet) Stlth
                     f - ring of Zin's Supremacy {Fly rElec rC+ MP+9 Stlth-}
HPRegen 1.08/turn    c - ring of willpower
MPRegen 0.18/turn

%: guardian spirit
@: flying
A: fangs 3, regeneration 1, magic shield, antimagic bite, no potion heal 2
a: Renounce Religion, Recite, Vitalisation, Imprison, Donate Gold


You were on level 9 of the Dungeon.
You worshipped Zin.
Zin was most pleased with you.
You visited 2 branches of the dungeon, and saw 10 of its levels.

You collected 501 gold pieces.
You spent 36 gold pieces at shops.
You donated 50 gold pieces to Zin.

Inventory:

Hand Weapons
 b - a +0 heavy sling
Missiles
 k - 27 poisoned darts
 q - 4 throwing nets
Armour
 a - a +1 cloak of poison resistance (worn)
 d - a +0 ring mail (worn)
 j - a +0 buckler (worn)
 n - a +1 pair of gloves (worn)
 o - a +2 chain mail of cold resistance
 y - a +1 hat (worn)
 z - +0 acid dragon scales
Jewellery
 c - a ring of willpower (right hand)
 f - the ring of Zin's Supremacy (left hand) {Fly rElec rC+ MP+9 Stlth-}
   (You found it on level 5 of the Dungeon)

   [ring of protection from cold]

   rC:        It protects you from cold.
   rElec:     It insulates you from electricity.
   MP:        It affects your magic capacity (+9).
   Fly:       It grants you flight.
   Stlth:     It makes you less stealthy.
 i - a ring of positive energy
Scrolls
 e - 3 scrolls of poison
 g - a scroll of enchant armour
 u - 2 scrolls of teleportation
Potions
 h - 3 potions of brilliance
 l - 3 potions of curing
 m - 3 potions of cancellation
 p - a potion of might
 r - 4 potions of magic
 s - a potion of lignification
 t - 2 potions of resistance
 v - 2 potions of mutation
 w - a potion of ambrosia
 x - a potion of flight {unknown}


   Skills:
 - Level 5.0 Fighting
 * Level 4.7 Armour
 - Level 1.5 Dodging
 - Level 2.4 Stealth
 - Level 4.0 Shields
 * Level 11.4 Unarmed Combat
 - Level 2.1 Spellcasting
 - Level 1.0 Conjurations
 - Level 3.0 Fire Magic
 + Level 3.9 Invocations


You had 10 spell levels left.
You knew the following spells:

 Your Spells              Type           Power      Damage    Failure   Level
a - Foxfire               Conj/Fire      28%        2x1d5     24%         1
b - Scorch                Fire           20%        2d6       24%         2

Your spell library contained the following spells:

 Spells                   Type           Power      Damage    Failure   Level
 Magic Dart               Conj           16%        1d3       34%         1
 Sting                    Tmut/Pois      4%         1d3       47%         1
 Call Imp                 Summ           2%         N/A       63%         2
 Inner Flame              Hex/Fire       6%         N/A       65%         3
 Volatile Blastmotes      Fire/Tloc      12%        2d11      65%         3
 Dazzling Flash           Conj/Hex       6%         N/A       78%         3
 Mephitic Cloud           Conj/Pois/Air  2%         N/A       80%         3
 Flame Wave               Conj/Fire      7%         2d5       93%         4
 Agony                    Necr           1%         N/A       100%        5
 Silence                  Hex/Air        0%         N/A       100%        5


Dungeon Overview and Level Annotations

Branches:
Dungeon (9/15)             Temple (1/1) D:5
   Lair: D:8-11         Orc: D:9-12

Altars:
Ashenzari
Cheibriados
Dithmenos
Elyvilon
Fedhas
Gozag
Hepliaklqana
Kikubaaqudgha
Makhleb
Nemelex Xobeh
Okawaru
Qazlal
Sif Muna
Trog
Uskayaw
Vehumet
Wu Jian
Xom
Yredelemnul
Zin
The Shining One

Shops:
D:2 *   D:3 [   D:5 ?

Annotations:
D:5 Pikel
D:8 1 transporter, Erica
D:9 2 transporters, Maggie


Innate Abilities, Weirdness & Mutations

You have razor-sharp teeth.
Your natural rate of healing is unusually fast.
When hurt, damage is shared between your health and your magic reserves.
Your bite disrupts and absorbs the magic of your enemies.
Potions cannot restore your health.


Message History

Something hits you.
* * * LOW HITPOINT WARNING * * *
Something hits you but does no damage.
You closely miss something. Your bite misses something.
Something hits you but does no damage. Something hits you but does no damage.
Something hits you.
* * * LOW HITPOINT WARNING * * *
Something hits you!
* * * LOW HITPOINT WARNING * * *
Something hits you but does no damage. Something hits you but does no damage.
Something hits you.
* * * LOW HITPOINT WARNING * * *
You closely miss something. You bite something.
Something hits you but does no damage. Something hits you.
* * * LOW HITPOINT WARNING * * *
You punch something! You bite something. Something hits you but does no damage.
Something hits you.
* * * LOW HITPOINT WARNING * * *
You hit something. You bite something. Something hits you.
* * * LOW HITPOINT WARNING * * *
Something completely misses you.
Something hits you but does no damage. x2
Something hits you!
* * * LOW HITPOINT WARNING * * *
You closely miss something. Your bite misses something.
Something hits you but does no damage. Something hits you but does no damage.
Something hits you!
* * * LOW HITPOINT WARNING * * *
You hit something. Something hits you but does no damage. Something hits you!
* * * LOW HITPOINT WARNING * * *
Something hits you!
* * * LOW HITPOINT WARNING * * *
You miss something. You bite something. Something hits you but does no damage.
Something hits you.
* * * LOW HITPOINT WARNING * * *
Something hits you.
You die...

#...†.##...#
#.....# #...
######.....#
#..
#..#....#...#
#......###....#
#......# #....
##......# #....
.........###
....
####.####@.# ..
#.# #### #. #


There were no monsters in sight!

Vanquished Creatures
  Harold (D:9)
  Joseph (D:8)
  Prince Ribbit (D:5)
  5 yaks (D:9)
  A wyvern (D:8)
  2 steam dragons
  An acid dragon (D:9)
  An orc warrior (D:9)
  2 ice beasts
  2 sky beasts (D:7)
  5 black bears
  An ogre (D:5)
  A centaur (D:8)
  3 phantoms
  3 lemures (D:5)
  2 kobold brigands
  4 bullfrogs
  2 scorpions (D:4)
  A howler monkey (D:4)
  3 hounds
  5 jellies
  Crazy Yiuf (D:3)
  A gnoll bouda (D:7)
  3 iguanas
  8 orc wizards
  Natasha (twice) (D:4)
  6 gnolls
  10 adders
  A shadow imp (D:7)
  4 white imps
  4 ufetubi
  2 worms (D:3)
  4 dart slugs
  31 orcs
  8 ball pythons
  5 bats
  10 endoplasms
  8 giant cockroaches
  9 goblins
  7 hobgoblins
  A quokka (D:1)
  5 frilled lizards
  18 kobolds
  9 rats
204 creatures vanquished.

Vanquished Creatures (others)
  A shadow (D:9)
  An orc wizard (D:9)
  105 foxfires
107 creatures vanquished.

Grand Total: 311 creatures vanquished

Notes
Turn   | Place    | Note
-------+----------+-------------------------------------------
     0 | D:1      | Strat the Vine Stalker Fire Elementalist began the quest
                  | for the Orb.
     0 | D:1      | Reached XP level 1. HP: 9/9 MP: 4/4
    83 | D:1      | Reached skill level 1 in Unarmed Combat
   217 | D:1      | Reached XP level 2. HP: 13/13 MP: 4/6
   351 | D:1      | Reached skill level 2 in Unarmed Combat
   491 | D:1      | Learned a level 2 spell: Scorch
   621 | D:1      | Reached XP level 3. HP: 15/16 MP: 2/7
  1074 | D:1      | Reached skill level 3 in Unarmed Combat
  1639 | D:2      | Found a shimmering altar of Xom.
  1647 | D:2      | Gained mutation: Your natural rate of healing is unusually
                  | fast. [Vine Stalker growth]
  1647 | D:2      | Reached XP level 4. HP: 21/21 MP: 3/8
  1977 | D:2      | Reached skill level 4 in Unarmed Combat
  2035 | D:2      | Found Katazuli's Assorted Antiques.
  2511 | D:3      | Reached XP level 5. HP: 24/24 MP: 9/9
  2517 | D:3      | Found Ikarcheu's Antique Armour Shoppe.
  2683 | D:3      | Noticed a phantom
  3039 | D:3      | Reached skill level 5 in Unarmed Combat
  3572 | D:3      | Found a shimmering blue altar of Sif Muna.
  3627 | D:3      | Got Sif Muna's Verses on Transmigration
  3710 | D:3      | Found a bloodstained altar of Trog.
  3920 | D:3      | Killed a phantom
  3921 | D:3      | Reached skill level 6 in Unarmed Combat
  3921 | D:3      | Reached XP level 6. HP: 24/28 MP: 1/10
  4150 | D:3      | Found a runed translucent door.
  4157 | D:3      | Noticed Crazy Yiuf
  4474 | D:4      | Reached skill level 1 in Fighting
  4505 | D:4      | Noticed Natasha
  4530 | D:4      | Killed Natasha
  4764 | D:4      | Reached XP level 7. HP: 17/34 MP: 8/11
  4889 | D:4      | Noticed Natasha
  4919 | D:4      | Killed Natasha
  4952 | D:4      | Reached skill level 7 in Unarmed Combat
  5169 | D:5      | Entered Level 5 of the Dungeon
  5188 | D:5      | Identified the ring of Zin's Supremacy {Fly rElec rC+ MP+9
                  | Stlth-}
  5374 | D:5      | Identified the staff of air "Gyjiac Ovon" {rElec Will+
                  | Dex+4 Stlth-}
  5381 | D:5      | Noticed Pikel
  5422 | D:5      | Noticed Prince Ribbit
  5475 | D:5      | Reached skill level 1 in Shields
  5533 | D:5      | Gained mutation: You have razor-sharp teeth. [Vine Stalker
                  | growth]
  5533 | D:5      | Reached XP level 8. HP: 40/40 MP: 12/12
  5549 | D:5      | Killed Prince Ribbit
  5586 | D:5      | Reached skill level 8 in Unarmed Combat
  5595 | D:5      | Found a staircase to the Ecumenical Temple.
  5646 | Temple   | Entered the Ecumenical Temple
  5646 | Temple   | Found a transporter.
  5646 | Temple   | Found a transporter.
  5648 | Temple   | Found a transporter.
  5648 | Temple   | Found a transporter.
  5689 | Temple   | Became a worshipper of Zin the Law-Giver
  5689 | Temple   | Reached * piety under Zin
  5761 | D:5      | Found The Oracle's Delphic Readings.
  5765 | D:5      | Bought a scroll of teleportation for 36 gold pieces
  6171 | D:6      | Found a shimmering altar of Xom.
  6227 | D:6      | Reached skill level 9 in Unarmed Combat
  6244 | D:6      | Reached XP level 9. HP: 40/44 MP: 13/13
  6761 | D:7      | Reached skill level 1 in Armour
  6773 | D:7      | Reached skill level 1 in Invocations
  6788 | D:7      | Reached ** piety under Zin
  7240 | D:7      | Reached skill level 10 in Unarmed Combat
  7695 | D:3      | Killed Crazy Yiuf
  7901 | D:8      | Noticed Joseph
  7989 | D:8      | Killed Joseph
  8008 | D:8      | Reached skill level 5 in Fighting
  8008 | D:8      | Reached XP level 10. HP: 47/51 MP: 14/14
  8070 | D:8      | Found a sparkling altar of Nemelex Xobeh.
  8070 | D:8      | Found a transporter.
  8070 | D:8      | Noticed a cyclops
  8082 | D:8      | Noticed a boulder beetle
  8159 | D:8      | Reached *** piety under Zin
  8170 | D:8      | Noticed Erica
  8272 | D:8      | Noticed a two-headed ogre
  8596 | D:9      | Noticed Harold
  8633 | D:9      | Reached skill level 11 in Unarmed Combat
  8647 | D:9      | Killed Harold
  8658 | D:9      | Noticed a two-headed ogre
  8673 | D:9      | Noticed a kobold demonologist
  8675 | D:9      | HP: 1/51 [something/ball of steam (8)]
  8848 | D:9      | Noticed a fire crab
  8848 | D:9      | Noticed an orc high priest
  8848 | D:9      | Noticed a kobold demonologist
  8851 | D:9      | Found a transporter.
  8901 | D:9      | Noticed Maggie
  8906 | D:9      | Found a transporter.
  8915 | D:9      | Noticed a kobold demonologist
  9115 | D:9      | Noticed a two-headed ogre
  9179 | D:9      | HP: 2/51 [something (7)]
  9181 | D:9      | Slain by an unseen horror

Illustrated notes

Levels and vault maps discovered:
D:1:      mrwooster_arrival_statue_3, layout_loops_ring, kennysheep_doodads
D:2:      layout_loops_ring, serial_shops, shop, basic_altar,
          minmay_misc_feat_rugged, minivault_25
D:3:      layout_rooms, nzn_overflow_gifts_of_might_and_magic, serial_shops,
          nicolae_shop_competitors_out_of_business, minivault_11,
          uniq_crazy_yiuf_cottage
D:4:      layout_basic, uniq_natasha
D:5:      layout_basic, minmay_temple_entry_hall, nicolae_nh_oracle_at_delphi,
          uniq_pikel, uniq_prince_ribbit1
D:6:      layout_basic, lemuel_tele_altar, hangedman_decor_points
D:7:      layout_basic, st_stairs_6
D:8:      layout_loops_cross, grunt_nemelex_the_gamble,
          lemuel_coloured_pillars_altar, uniq_erica, uniq_joseph
D:9:      gammafunk_wand_slinger, layout_layer_cave, kennysheep_windowed_goal,
          uniq_harold, uniq_maggie
Temple:   hellmonk_temple_divided_pantheon

Skill      XL: |  1  2  3  4  5  6  7  8  9 10 |
---------------+-------------------------------+-----
Unarmed Combat | 1 2 3 4 6 7 9 10 11 | 11.4
Fighting       | 1 3 5 |  5.0
Shields        | 1 4 |  4.0
Armour         | 3 4 |  4.7
Invocations    | 2 3 |  3.9
Dodging        | |  1.5
Stealth        | |  2.4
Spellcasting   | |  2.1
Conjurations   | |  1.0
Fire Magic     | |  3.0

Action                     |  1- 3 |  4- 6 |  7- 9 | 10-12 || total
---------------------------+-------+-------+-------+-------++-------
  Melee: Unarmed           |    20 |    81 |   363 |   126 ||   590
         Bite              |     4 |    25 |   118 |    30 ||   177
         Punch             |       |     2 |       |       ||     2
   Fire: Sling             |       |       |    22 |       ||    22
   Cast: Foxfire           |    45 |    14 |       |       ||    59
         Scorch            |     9 |    53 |       |       ||    62
 Invoke: Recite            |       |       |       |     1 ||     1
         Vitalisation      |       |       |       |     1 ||     1
    Use: Scroll            |       |    10 |    11 |     8 ||    29
         Potion            |       |     1 |     2 |     1 ||     4
   Stab: Sleeping          |       |     2 |       |       ||     2
 Armour: Robe              |     7 |     8 |       |       ||    15
         Ring mail         |       |    14 |   161 |    99 ||   274
  Dodge: Dodged            |    24 |    59 |   173 |    45 ||   301
  Block: Buckler           |       |     3 |    68 |    18 ||    89
